 Dungeon Crawl Stone Soup version 0.25.1-2-g60ff931df9 (webtiles) character file.

Game seed: 154974381686861857

4196 Delamore the Basher (level 10, 0/56 HPs)
             Began as a Gargoyle Fighter on Aug 2, 2020.
             Was a Believer of Okawaru.
             Slain by a killer bee (2 damage)
             ... on level 8 of the Dungeon.
             The game lasted 00:09:23 (6864 turns).

Delamore the Basher (Gargoyle Fighter)              Turns: 6864, Time: 00:09:24

Health: 0/56       AC: 23    Str: 27    XL:     10   Next: 29%
Magic:  10/10      EV:  9    Int:  9    God:    Okawaru [**....]
Gold:   384        SH: 12    Dex:  9    Spells: 9/9 levels left

rFire    + . .     SeeInvis .   a - +0 flail
rCold    . . .     Gourm    .   c - +0 kite shield
rNeg     + . .     Faith    .   G - +1 scale mail "Assanauck" {Str+4}
rPois    ∞         Spirit   .   (no helmet)
rElec    +         Reflect  .   z - +1 cloak
rCorr    .         Harm     .   t - +1 pair of gloves
MR       .....                  (no boots)
Stlth    ..........             A - amulet of regeneration
HPRegen  0.58/turn              v - +4 ring of protection
MPRegen  0.12/turn              u - ring of protection from fire

@: no status effects
A: negative energy resistance 1, electricity resistance, unbreathing,
petrification resistance, rot immunity, AC +7
a: Heroism, Renounce Religion


You were on level 8 of the Dungeon.
You worshipped Okawaru.
Okawaru was pleased with you.
You were hungry.

You visited 2 branches of the dungeon, and saw 9 of its levels.
You also visited: Ossuary.

You collected 600 gold pieces.
You spent 216 gold pieces at shops.

Inventory:

Hand Weapons
 a - a +0 flail (weapon)
 g - a +1 vampiric whip
Missiles
 h - 6 curare-tipped darts (quivered)
 w - 8 silver javelins
 y - a throwing net
Armour
 c - a +0 kite shield (worn)
 d - a +2 chain mail of poison resistance
 t - a +1 pair of gloves (worn)
 z - a +1 cloak (worn)
 G - the +1 scale mail "Assanauck" (worn) {Str+4}
   (You bought it in a shop on level 7 of the Dungeon)

   It affects your strength (+4).
Jewellery
 u - a ring of protection from fire (right hand)
 v - a +4 ring of protection (left hand)
 A - an amulet of regeneration (around neck)
Wands
 b - a wand of iceblast (9)
 i - a wand of acid (8)
 j - a wand of polymorph (8)
 I - a wand of digging (5)
Scrolls
 e - 4 scrolls of teleportation
 k - 2 scrolls of amnesia
 m - 2 scrolls of enchant armour
 n - 4 scrolls of remove curse
 o - a scroll of blinking
 p - 3 scrolls of magic mapping
 r - a scroll of enchant weapon
 x - a scroll of torment
 F - 2 scrolls of fog
 K - a scroll of fear
Potions
 l - a potion of magic {unknown}
 q - 2 potions of lignification {unknown}
 s - 4 potions of mutation {unknown}
 B - 3 potions of might
 C - 3 potions of brilliance
 D - a potion of heal wounds {unknown}
 E - 3 potions of haste
 H - a potion of curing
 L - a potion of cancellation {unknown}
Comestibles
 f - 9 rations


   Skills:
 - Level 3.2 Fighting
 - Level 12.0 Maces & Flails
 - Level 3.2 Armour
 + Level 9.7 Shields


You had 9 spell levels left.
You didn't know any spells.
Your spell library contained the following spells:

 Spells                   Type           Power        Failure   Level  Hunger
 Animate Skeleton         Necr           N/A          87%         1    ##.....
 Apportation              Tloc           #.....       87%         1    ##.....
 Corona                   Hex            #......      87%         1    ##.....
 Summon Small Mammal      Summ           #...         87%         1    ##.....


Dungeon Overview and Level Annotations

Branches:
Dungeon (8/15)             Temple (1/1) D:6         Ossuary (visited)
   Lair: D:8-11

Altars:
Ashenzari
Cheibriados
Dithmenos
Elyvilon
Gozag
Kikubaaqudgha
Makhleb
Nemelex Xobeh
Okawaru
Qazlal
Ru
Trog
Uskayaw
Wu Jian
Xom
Yredelemnul
Zin
The Shining One

Shops:
D:7 =}([=

Annotations:
D:7 1 runed translucent door, ChadusMaximus's ghost, novice MiBe


Innate Abilities, Weirdness & Mutations

You are resistant to torment.
Your stone body is resilient. (AC +7)
You are immune to poison.
You resist negative energy. (rN+)
You are resistant to electric shocks. (rElec)
You can survive without breathing.
You are immune to petrification.
You are immune to rotting.


Message History

The killer bee stings you but does no damage.
The killer bee closely misses you.
You barely miss the killer bee.
The killer bee is heavily wounded.
You block the killer bee's attack. The killer bee closely misses you.
You block the killer bee's attack.
You closely miss the killer bee.
The killer bee is heavily wounded.
The killer bee barely misses you. You block the killer bee's attack.
The killer bee stings you but does no damage.
You block the killer bee's attack.
You barely miss the killer bee.
The killer bee is heavily wounded.
You block the killer bee's attack. The killer bee stings you.
* * * LOW HITPOINT WARNING * * *
The killer bee stings you but does no damage.
You closely miss the killer bee.
The killer bee is heavily wounded.
You block the killer bee's attack. x2; The killer bee stings you.
You die...

,,,,,,,,,,,,,,,...###.........#*#
,,**,,,,,,,,,,#....#...^......#*,
,,****,,,,,,,##........#........,
,,* ****,,,##...#.....##..#.##..
,** ***,,....#........##...## ,*
*,,,,............?....,, **
*,,,,.........###.....,,
****,##.y......#=.....,,
*,#.@####..........,,
**###yyy...........*,
##yZ..........#**
#.o...##.....#*,*
#....$#,......*,,
#.......##....,,,
##.#....#*#...,,* ####...#
*..,,,* *#### *******


You could see an orc warrior, 5 killer bees and a howler monkey zombie.

Vanquished Creatures
  A centaur warrior (D:8)
  A two-headed ogre (D:8)
  A troll (D:8)
  A hungry ghost (D:6)
  2 black bears
  2 sky beasts
  4 ogres
  2 centaurs
  Blork the orc (D:6)
  A gnoll sergeant (D:5)
  3 scorpions
  6 water moccasin zombies (Ossuary)
  A killer bee (D:8)
  4 wights (D:6)
  A crimson imp (D:7)
  A jelly (D:6)
  2 hounds
  2 orc priests (D:6)
  2 orc wizards (D:6)
  2 iguanas
  4 worker ants
  6 big kobold zombies (Ossuary)
  2 mummies (Ossuary)
  5 gnolls (D:5)
  11 adders
  5 river rats (D:5)
  An ooze (D:1)
  4 adder zombies (Ossuary)
  2 adder skeletons
  5 worms
  A dart slug (D:1)
  3 leopard geckos
  14 orcs
  3 ball pythons
  7 giant cockroaches
  A gnoll zombie (Ossuary)
  8 goblins
  6 hobgoblins
  21 jackals
  8 kobolds
  12 quokkas
  A ball python skeleton (D:4)
  4 bats
  4 frilled lizards
  A hobgoblin zombie (Ossuary)
  A jackal skeleton (D:5)
  8 kobold zombies (Ossuary)
  7 orc zombies (Ossuary)
  21 rats
216 creatures vanquished.

Vanquished Creatures (others)
  An orc (D:5)
1 creature vanquished.

Grand Total: 217 creatures vanquished

Notes
Turn   | Place    | Note
-------+----------+-------------------------------------------
     0 | D:1      | Delamore the Gargoyle Fighter began the quest for the Orb.
     0 | D:1      | Reached XP level 1. HP: 14/14 MP: 1/1
    55 | D:1      | Reached XP level 2. HP: 3/19 MP: 2/2
   458 | D:1      | Reached skill level 3 in Maces & Flails
   736 | D:1      | Reached XP level 3. HP: 22/23 MP: 3/3
  1196 | D:2      | Reached skill level 4 in Maces & Flails
  1323 | D:2      | Reached XP level 4. HP: 25/28 MP: 4/4
  1953 | D:3      | Reached skill level 5 in Maces & Flails
  1953 | D:3      | Reached XP level 5. HP: 32/32 MP: 5/5
  2196 | D:3      | You fall into a shaft and drop 3 floors!
  2233 | D:5      | Entered Level 5 of the Dungeon
  2248 | D:5      | Reached skill level 6 in Maces & Flails
  2248 | D:5      | Reached XP level 6. HP: 12/37 MP: 6/6
  2640 | D:4      | Reached skill level 7 in Maces & Flails
  2704 | D:4      | Reached XP level 7. HP: 41/41 MP: 7/7
  3104 | D:4      | Found a shimmering altar of Xom.
  3233 | D:4      | Found a white marble altar of Elyvilon.
  3494 | D:5      | Reached skill level 8 in Maces & Flails
  4069 | D:5      | Reached skill level 9 in Maces & Flails
  4069 | D:5      | Reached XP level 8. HP: 44/46 MP: 8/8
  4464 | D:6      | Reached skill level 10 in Maces & Flails
  4507 | D:6      | Noticed Blork the orc
  4529 | D:6      | Killed Blork the orc
  4902 | D:6      | Found a staircase to the Ecumenical Temple.
  4977 | Temple   | Entered the Ecumenical Temple
  5180 | Temple   | Became a worshipper of Warmaster Okawaru
  5358 | D:6      | Reached skill level 11 in Maces & Flails
  5378 | D:6      | Reached XP level 9. HP: 46/51 MP: 9/9
  5568 | D:7      | Found Uschiu's Antique Armour Boutique.
  5740 | D:7      | Noticed a six-headed hydra
  5741 | D:7      | Found a runed translucent door.
  5741 | D:7      | Noticed ChadusMaximus's ghost (novice MiBe)
  5742 | D:7      | Bought an encrusted scale mail for 216 gold pieces
  5752 | D:7      | Identified the cursed +1 scale mail "Assanauck" {Str+4}
                  | (You bought it in a shop on level 7 of the Dungeon)
  5767 | D:7      | Found Weuf's Weapon Shoppe.
  5784 | D:7      | Reached * piety under Okawaru
  5813 | D:7      | Found a basalt altar of Yredelemnul.
  5999 | D:7      | Found Aqeub's Jewellery Boutique.
  6057 | D:7      | Found Feaqinwoid's Gadget Shoppe.
  6164 | D:7      | Found Orirar's Jewellery Shoppe.
  6284 | D:8      | Noticed a centaur warrior
  6292 | D:8      | Reached skill level 12 in Maces & Flails
  6311 | D:8      | Killed a centaur warrior
  6378 | D:8      | Noticed a troll
  6407 | D:8      | Killed a troll
  6434 | D:8      | Noticed a two-headed ogre
  6444 | D:8      | Found a sand-covered staircase.
  6453 | Ossuary  | Entered an ossuary
  6605 | Ossuary  | Reached XP level 10. HP: 56/56 MP: 10/10
  6850 | D:8      | Killed a two-headed ogre
  6850 | D:8      | Reached ** piety under Okawaru
  6863 | D:8      | HP: 2/56 [killer bee (6)]
  6864 | D:8      | Slain by a killer bee

Illustrated notes

Levels and vault maps discovered:
D:1:      minmay_arrival_radiant_lines, layout_basic, grunt_decor_resistance
D:2:      layout_rooms
D:3:      minmay_angry_zag, layout_loops_ring
D:4:      layout_loops_ring, lemuel_coloured_pillars_altar,
          kennysheep_mini_moat, eino_small_chamber_without_monster,
          minmay_cut_off
D:5:      lemuel_ratsnest, layout_basic, first_ration, lemuel_flame_loot_1
D:6:      layout_loops_ring, minmay_temple_entry_large_hall, uniq_blork_the_orc
D:7:      layout_layer_cave, serial_shops, shop_fountains, nicolae_shop_stone,
          shop, shop, kennysheep_mini, basic_altar, ebering_ghost_inner_flame
D:8:      minmay_diamond_stairs, layout_cave_pools,
          chequers_temple_overflow_minitemple, enter_ossuary_3
Temple:   regret_index_temple_generic_petals

Skill      XL: |  1  2  3  4  5  6  7  8  9 10 |
---------------+-------------------------------+-----
Maces & Flails | 3 4 5 6 7 9 11 12 | 12.0
Shields        | 7 9 |  9.7
Fighting       | |  3.2
Armour         | |  3.2

Action                   |  1- 3 |  4- 6 |  7- 9 | 10-12 || total
-------------------------+-------+-------+-------+-------++-------
Melee: Flail             |    24 |       |       |    13 ||    37
       Whip              |   106 |   238 |   894 |   186 ||  1424
Evoke: Wand              |       |       |       |     1 ||     1
  Use: Potion            |       |     1 |       |       ||     1
       Scroll            |       |       |    14 |     2 ||    16
  Eat: Chunk             |     1 |     5 |    16 |       ||    22
       Ration            |       |       |     3 |       ||     3
Armor: Scale mail        |    67 |    65 |    78 |    82 ||   292
       Chain mail        |       |    85 |   518 |       ||   603
Dodge: Dodged            |    39 |    87 |   217 |    34 ||   377
Block: Kite shield       |    65 |   123 |   424 |    90 ||   702
